General information
- name: BNet
- type: Ladder 1vs1/FFA
- host: Battle.net
- saver: Manlier
map: TwistedMeadows
- players: 2
- length: 41:18
- speed: Fast
- version: 1.26 W3XP
- replay type: Public
» download(134 KB)
Players
team 1 (winner)
Manlier (
yellow | 75 APM | 3116 actions | 41:18)
9 Dreadlord
3 Sleep
3 Vampiric Aura
1 Inferno
2 Carrion Swarm
6 Death Knight
3 Death Coil
2 Unholy Aura
1 Animate Dead
5 Crypt Lord
2 Carrion Beetles
2 Impale
1 Locust Swarm
» actions
| Assign group hotkey | 61 | |
| Basic commands | 256 | |
| Build / train | 137 | |
| Enter build submenu | 25 | |
| Enter hero's abilities submenu | 20 | |
| Remove unit from queue | 3 | |
| Right click | 1132 | |
| Select / deselect | 798 | |
| Select group hotkey | 537 | |
| Use ability | 146 | |
3116 total
» units
| Acolyte | 15 | |
| Ghoul | 17 | |
| Obsidian Statue | 3 | |
| Gargoyle | 11 | |
| Abomination | 9 | |
| Goblin Zeppelin | 1 | |
| Crypt Fiend | 6 | |
| Frost Wyrm | 6 | |
68 total
» upgrades
| Cannibalize | 1 | |
| Unholy Strength | 2 | |
| Unholy Armor | 2 | |
| Creature Attack | 2 | |
| Creature Carapace | 2 | |
| Web | 1 | |
| Ghoul Frenzy | 1 | |
| Disease Cloud | 1 | |
12 total
» buildings
| Crypt | 2 | |
| Ziggurat | 8 | |
| Altar of Darkness | 1 | |
| Graveyard | 1 | |
| Tomb of Relics | 2 | |
| Nerubian Tower | 3 | |
| Necropolis | 1 | |
| Halls of the Dead | 1 | |
| Spirit Tower | 3 | |
| Slaughterhouse | 1 | |
| Black Citadel | 2 | |
| Sacrificial Pit | 1 | |
| Boneyard | 1 | |
27 total
» build order
00:52 Crypt
00:54 Crypt
00:56 Ziggurat
01:04 Altar of Darkness
01:40 Ziggurat
03:05 Ziggurat
03:43 Graveyard
03:56 Tomb of Relics
04:00 Nerubian Tower
04:44 Necropolis
04:54 Halls of the Dead
06:20 Spirit Tower
06:53 Ziggurat
08:08 Nerubian Tower
08:09 Nerubian Tower
08:49 Ziggurat
09:06 Ziggurat
09:08 Ziggurat
09:49 Spirit Tower
10:07 Spirit Tower
10:22 Slaughterhouse
10:23 Ziggurat
11:49 Black Citadel
11:49 Black Citadel
13:54 Tomb of Relics
20:51 Sacrificial Pit
23:17 Boneyard
» items
| Boots of Speed | 1 | |
| Scroll of Town Portal | 2 | |
| Scroll of Healing | 3 | |
| Potion of Healing | 1 | |
| Orb of Corruption | 1 | |
8 total
team 2 (loser)

»
fumbler (
blue | 72 APM | 2977 actions | 41:16)
7 Demon Hunter
3 Mana Burn
3 Evasion
1 Metamorphosis
7 Beastmaster
3 Summon Bear
3 Summon Hawk
1 Stampede
» actions
| Assign group hotkey | 19 | |
| Basic commands | 38 | |
| Build / train | 163 | |
| ESC pressed | 10 | |
| Enter build submenu | 46 | |
| Enter hero's abilities submenu | 15 | |
| Give item / drop item | 12 | |
| Right click | 1393 | |
| Select / deselect | 1001 | |
| Select group hotkey | 37 | |
| Use ability | 239 | |
2977 total
» units
| Wisp | 53 | |
| Forest Troll Shadow Priest | 1 | |
| Forest Troll Berserker | 1 | |
| Druid of the Claw | 6 | |
| Dryad | 13 | |
| Huntress | 2 | |
| Glaive Thrower | 3 | |
| Hippogryph | 10 | |
| Archer | 18 | |
| Chimaera | 1 | |
| Mountain Giant | 2 | |
110 total
» upgrades
| Strength of the Wild | 3 | |
| Ultravision | 1 | |
| Druid of the Claw Training | 2 | |
| Mark of the Claw | 1 | |
| Reinforced Hides | 2 | |
| Well Spring | 1 | |
| Marksmanship | 1 | |
| Improved Bows | 1 | |
| Strength of the Moon | 3 | |
| Moon Armor | 2 | |
| Hippogryph Taming | 1 | |
| Abolish Magic | 1 | |
| Hardened Skin | 1 | |
| Resistant Skin | 1 | |
| Nature's Blessing | 1 | |
22 total
» buildings
| Altar of Elders | 2 | |
| Moon Well | 18 | |
| Ancient of War | 1 | |
| Tree of Ages | 1 | |
| Hunter's Hall | 2 | |
| Ancient of Wonders | 2 | |
| Ancient of Lore | 2 | |
| Tree of Life | 4 | |
| Tree of Eternity | 3 | |
| Ancient of Wind | 1 | |
| Chimaera Roost | 2 | |
| Ancient Protector | 8 | |
46 total
» build order
00:04 Altar of Elders
00:11 Moon Well
01:06 Ancient of War
01:39 Moon Well
02:49 Tree of Ages
02:51 Hunter's Hall
03:14 Moon Well
03:15 Moon Well
04:31 Moon Well
04:46 Ancient of Wonders
05:11 Ancient of Lore
05:12 Ancient of Lore
06:01 Tree of Life
06:59 Tree of Eternity
07:00 Tree of Eternity
10:53 Moon Well
11:42 Moon Well
13:23 Ancient of Wind
13:27 Moon Well
16:03 Tree of Life
16:31 Chimaera Roost
16:34 Chimaera Roost
29:44 Moon Well
29:46 Moon Well
29:46 Moon Well
30:24 Ancient Protector
30:46 Altar of Elders
30:48 Ancient Protector
30:48 Ancient Protector
30:49 Ancient Protector
30:49 Ancient Protector
30:49 Ancient Protector
30:50 Ancient Protector
30:52 Ancient Protector
31:18 Tree of Life
31:30 Moon Well
31:31 Moon Well
32:15 Moon Well
32:18 Moon Well
33:12 Moon Well
34:27 Hunter's Hall
35:40 Moon Well
36:20 Tree of Life
38:59 Moon Well
39:51 Ancient of Wonders
» items
| Circlet of Nobility | 1 | |
| Orb of Venom | 2 | |
3 total
Chat log
(00:13 / All) Manlier: gl hf
(00:17 / All) fumbler: same
(00:46 / All) Manlier: from?
(00:58 / All) fumbler: MA
(00:59 / All) fumbler: u?
(01:01 / All) Manlier: Chicago here
(01:15 / All) fumbler: very nice
(01:31 / All) Manlier: case of insomnia?
(01:41 / All) fumbler: what?
(01:42 / All) fumbler: its 9 am
(01:55 / All) Manlier: lol forgot time flies
(33:06 / All) fumbler: sleep is absurd
(38:05 / All) fumbler: games like this make me want to retire
(38:06 / All) fumbler: its sad
(38:13 / All) fumbler: gg tho
(38:14 / All) Manlier: i own the collectors ed
(38:15 / All) Manlier: gg
(38:19 / All) Manlier: been playing every long
(38:43 / All) fumbler: i creeped the whole map and lost